 Dungeon Crawl Stone Soup version 0.22.0-49-gab54619674 (webtiles) character file.

214 JedernureinKreuz the Conjurer (level 5, -1/38 HPs)
             Began as a Gnoll Conjurer on Sept 9, 2018.
             Slain by a gnoll sergeant
             ... wielding a +0 spear
              (6 damage)
             ... on level 2 of the Dungeon.
             The game lasted 00:10:38 (1942 turns).

JedernureinKreuz the Conjurer (Gnoll Conjurer)      Turns: 1942, Time: 00:10:38

Health: -1/38      AC:  4    Str: 10    XL:     5   Next: 92%
Magic:  3/12       EV: 15    Int: 18    God:
Gold:   58         SH:  0    Dex: 16    Spells: 6/14 levels left

rFire    . . .     SeeInvis .   e - +0 spear
rCold    . . .     Gourm    .   (no shield)
rNeg     . . .     Faith    .   a - +0 robe
rPois    .         Spirit   .   (no helmet)
rElec    .         Reflect  .   o - +0 cloak
rCorr    .         Harm     .   j - +0 pair of gloves
MR       .....                  (no boots)
Stlth    +++.......             (no amulet)
HPRegen  0.12/turn              (no ring)
MPRegen  0.13/turn              (no ring)

@: no status effects
A: distributed training, fangs 1, strong nose
a: no special abilities


You were on level 2 of the Dungeon.
You were hungry.

You visited 1 branch of the dungeon, and saw 3 of its levels.

You collected 58 gold pieces.

Inventory:

Hand Weapons
 b - a +0 dagger
 e - a +0 spear (weapon)
 g - a +0 short sword
 u - a +2 dagger of pain
Missiles
 i - 20 poisoned needles
 l - 33 stones (quivered)
 p - 26 bolts
 s - 21 arrows
Armour
 a - a +0 robe (worn)
 j - a +0 pair of gloves (worn)
 o - a +0 cloak (worn)
Wands
 q - a wand of iceblast (6)
Scrolls
 d - a scroll of noise
 h - a scroll of amnesia {unknown}
 k - a scroll of identify
 m - a scroll of fog {unknown}
 n - a scroll of blinking {unknown}
 r - a scroll of remove curse {unknown}
 t - a scroll of enchant weapon {unknown}
 x - a scroll of fear {unknown}
Potions
 f - a potion of haste {unknown}
 v - a potion of agility {unknown}
 w - a potion of resistance {unknown}
 z - a potion of curing {unknown}
Comestibles
 c - 6 rations
 A - a chunk of flesh


   Skills:
 + Level 1.6 Fighting
 + Level 1.6 Short Blades
 + Level 1.6 Long Blades
 + Level 1.6 Axes
 + Level 1.6 Maces & Flails
 + Level 1.6 Polearms
 + Level 1.6 Staves
 + Level 1.6 Slings
 + Level 1.6 Bows
 + Level 1.6 Crossbows
 + Level 1.6 Throwing
 + Level 1.6 Armour
 + Level 4.8 Dodging
 + Level 4.5 Stealth
 + Level 1.6 Shields
 + Level 1.6 Unarmed Combat
 + Level 5.2 Spellcasting
 + Level 7.2 Conjurations
 + Level 1.3 Hexes
 + Level 1.3 Charms
 + Level 1.3 Summonings
 + Level 1.3 Necromancy
 + Level 1.3 Translocations
 + Level 1.3 Transmutations
 + Level 1.3 Fire Magic
 + Level 1.3 Ice Magic
 + Level 1.3 Air Magic
 + Level 1.3 Earth Magic
 + Level 1.3 Poison Magic
 + Level 1.9 Invocations
 + Level 1.6 Evocations


You had 6 spell levels left.
You knew the following spells:

 Your Spells              Type           Power        Failure   Level  Hunger
a - Magic Dart            Conj           ####         1%          1    None
b - Iskenderun's Mystic   Conj           ####....     7%          4    ####...
c - Dazzling Spray        Conj/Hex       ###...       7%          3    ##.....

Your spell library contained the following spells:

 Spells                   Type           Power        Failure   Level  Hunger
 Searing Ray              Conj           ####..       1%          2    #......
 Force Lance              Conj/Tloc      ###.....     22%         4    ####...
 Fulminant Prism          Conj/Hex       ###.......   22%         4    ####...


Dungeon Overview and Level Annotations

Branches:
Dungeon (3/15)

Altars:
Trog
The Shining One


Innate Abilities, Weirdness & Mutations

Your experience applies equally to all skills.
You have very sharp teeth.
Your uncanny sense of smell can sniff out nearby items.


Message History

The gnoll sergeant hits you with a spear!
* * * LOW HITPOINT WARNING * * *
You see here a cursed amulet of inaccuracy.
The gnoll sergeant hits you from afar with a spear.
* * * LOW HITPOINT WARNING * * *
Casting: Iskenderun's Mystic Blast (safe; 7% risk of failure)
Confirm with . or Enter, or press ? or * to list all spells.
Aiming: Dazzling Spray (safe; 7% risk of failure)
Press: ? - help, Shift-Dir - straight line, f - gnoll
Aim: a gnoll The spray of energy hits the gnoll.
The gnoll is heavily wounded.
The gnoll is dazzled.
You hit the gnoll.
The gnoll is severely wounded.
The gnoll closely misses you.
You hit the gnoll.
The gnoll is severely wounded.
The gnoll sergeant hits you from afar with a spear.
You die...

#...# #.....# #.#.#
#.###.#
###.#.#######.# #.#
#...........#.# #.#
..............# #)#
###.#.......### #.#
...>.....#..## #.#
###"#..#.#...####.#
#.#..#.#....#.@.#
###....#..g...#g#.#
#.......g...#.g.#.#
######.#...########
#.....#.# #.#.###.#
#.#.#...# #.......#
###.#.#.#


You could see a gnoll sergeant and a gnoll (blind).

Vanquished Creatures
  Natasha (thrice) (D:2)
  2 adders (D:2)
  7 gnolls
  An ooze (D:1)
  A dart slug (D:2)
  2 leopard geckos
  3 giant cockroaches (D:2)
  3 goblins
  7 hobgoblins
  6 kobolds
  2 quokkas (D:2)
  A ball python (D:2)
  5 bats
  2 frilled lizards
  9 rats
54 creatures vanquished.

Notes
Turn   | Place    | Note
-------+----------+-------------------------------------------
     0 | D:1      | JedernureinKreuz the Gnoll Conjurer began the quest for the
                  | Orb.
     0 | D:1      | Reached XP level 1. HP: 13/13 MP: 6/6
   106 | D:1      | Reached XP level 2. HP: 20/20 MP: 4/7
   318 | D:1      | Reached XP level 3. HP: 25/25 MP: 1/9
   416 | D:1      | Reached skill level 5 in Spellcasting
   823 | D:2      | Noticed Natasha
   827 | D:2      | Killed Natasha
   827 | D:2      | Reached skill level 1 in Fighting
   827 | D:2      | Reached skill level 1 in Short Blades
   827 | D:2      | Reached skill level 1 in Long Blades
   827 | D:2      | Reached skill level 1 in Axes
   827 | D:2      | Reached skill level 1 in Maces & Flails
   827 | D:2      | Reached skill level 1 in Polearms
   827 | D:2      | Reached skill level 1 in Staves
   827 | D:2      | Reached skill level 1 in Slings
   827 | D:2      | Reached skill level 1 in Bows
   827 | D:2      | Reached skill level 1 in Crossbows
   827 | D:2      | Reached skill level 1 in Throwing
   827 | D:2      | Reached skill level 1 in Armour
   827 | D:2      | Reached skill level 1 in Shields
   827 | D:2      | Reached skill level 1 in Unarmed Combat
   827 | D:2      | Reached skill level 1 in Invocations
   827 | D:2      | Reached skill level 1 in Evocations
   827 | D:2      | Reached XP level 4. HP: 32/32 MP: 3/11
   988 | D:2      | Noticed Natasha
   993 | D:2      | Killed Natasha
  1012 | D:2      | Reached skill level 1 in Hexes
  1012 | D:2      | Reached skill level 1 in Charms
  1012 | D:2      | Reached skill level 1 in Summonings
  1012 | D:2      | Reached skill level 1 in Necromancy
  1012 | D:2      | Reached skill level 1 in Translocations
  1012 | D:2      | Reached skill level 1 in Transmutations
  1012 | D:2      | Reached skill level 1 in Fire Magic
  1012 | D:2      | Reached skill level 1 in Ice Magic
  1012 | D:2      | Reached skill level 1 in Air Magic
  1012 | D:2      | Reached skill level 1 in Earth Magic
  1012 | D:2      | Reached skill level 1 in Poison Magic
  1042 | D:2      | Noticed Natasha
  1056 | D:2      | Killed Natasha
  1056 | D:2      | Reached XP level 5. HP: 36/37 MP: 2/12
  1331 | D:2      | Found a glowing golden altar of the Shining One.
  1704 | D:3      | Found a bloodstained altar of Trog.
  1720 | D:2      | Learned a level 4 spell: Iskenderun's Mystic Blast
  1724 | D:2      | Learned a level 3 spell: Dazzling Spray
  1942 | D:2      | Slain by a gnoll sergeant

Skill      XL: |  1  2  3  4 |
---------------+-------------+-----
Spellcasting   | 5 |  5.2
Fighting       | 1 |  1.6
Short Blades   | 1 |  1.6
Long Blades    | 1 |  1.6
Axes           | 1 |  1.6
Maces & Flails | 1 |  1.6
Polearms       | 1 |  1.6
Staves         | 1 |  1.6
Slings         | 1 |  1.6
Bows           | 1 |  1.6
Crossbows      | 1 |  1.6
Throwing       | 1 |  1.6
Armour         | 1 |  1.6
Shields        | 1 |  1.6
Unarmed Combat | 1 |  1.6
Invocations    | 1 |  1.9
Evocations     | 1 |  1.6
Hexes          | 1 |  1.3
Charms         | 1 |  1.3
Summonings     | 1 |  1.3
Necromancy     | 1 |  1.3
Translocations | 1 |  1.3
Transmutations | 1 |  1.3
Fire Magic     | 1 |  1.3
Ice Magic      | 1 |  1.3
Air Magic      | 1 |  1.3
Earth Magic    | 1 |  1.3
Poison Magic   | 1 |  1.3
Dodging        | |  4.8
Stealth        | |  4.5
Conjurations   | |  7.2

Action                   |  1- 3 |  4- 6 || total
-------------------------+-------+-------++-------
Melee: Dagger            |     1 |       ||     1
       Spear             |     6 |     9 ||    15
       Bite              |     1 |       ||     1
 Cast: Magic Dart        |    32 |    67 ||    99
       Iskenderun's Myst |       |     5 ||     5
       Dazzling Spray    |       |     1 ||     1
  Use: Scroll            |       |     2 ||     2
 Stab: Sleeping          |     1 |     3 ||     4
  Eat: Chunk             |       |     3 ||     3
Armor: Robe              |     2 |     2 ||     4
Dodge: Dodged            |     8 |    16 ||    24
